 Dungeon Crawl Stone Soup version 0.28.0-53-g5a82cb258f (webtiles) character file.

Game seed: 8416334480746735131

13373 Peloso the Carver (level 11, -3/89 (97) HPs)
             Began as a Minotaur Fighter on May 24, 2022.
             Was a High Priest of Okawaru.
             Slain by a wraith (5 damage)
             ... led by Josephine
             ... on level 11 of the Dungeon.
             The game lasted 00:22:03 (9612 turns).

Peloso the Carver (Minotaur Fighter)                Turns: 9612, Time: 00:22:03

HP:   -3/89 (97)    AC: 15    Str: 25    XL:     11   Next: 74%
MP:   10/10         EV:  6    Int:  8    God:    Okawaru [*****.]
Gold: 758           SH: 21    Dex: 12    Spells: 10/10 levels left

rFire   + . .      SeeInvis +   a - +6 long sword of the Six Friends {flame, Str+2 Int+3}
rCold   + . .      Faith    .   c - +0 tower shield
rNeg    . . .      Spirit   .   E - +0 plate armour
rPois   .          Reflect  +   G - +0 hat {SInv}
rElec   +          Harm     .   F - scarf {rC+ rF+}
rCorr   +          Rampage  .   (no gloves)
Will    .....                   (no boots)
Stlth   ..........              n - amulet "Surgho Nehi" {Reflect Fragile rElec Regen+ rCorr SH+5}
HPRegen 1.04/turn               (no ring)
MPRegen 0.12/turn               (no ring)

@: slowed, drained, very slow
A: horns 2, retaliatory headbutt
a: Renounce Religion, Heroism, Finesse, Duel


You were on level 11 of the Dungeon.
You worshipped Okawaru.
Okawaru was extremely pleased with you.
You visited 2 branches of the dungeon, and saw 12 of its levels.

You collected 758 gold pieces.

Inventory:

Hand Weapons
 a - the +6 long sword of the Six Friends (weapon) {flame, Str+2 Int+3}
   (You found it on level 9 of the Dungeon)

   It burns those it strikes, dealing additional fire damage.
   Big, fiery blades are also staple armaments of hydra-hunters.
   Str:       It affects your strength (+2).
   Int:       It affects your intelligence (+3).
 b - a +0 scimitar of flaming
Armour
 c - a +0 tower shield (worn)
 B - the +0 pair of gloves "Rariamm" {rC++ rCorr Dex-3}
   (You found it on level 9 of the Dungeon)

   Dex:       It affects your dexterity (-3).
   rC:        It greatly protects you from cold.
   rCorr:     It protects you from acid and corrosion.
 E - a +0 plate armour (worn)
 F - a scarf of resistance (worn)
 G - a +0 hat of see invisible (worn)
Jewellery
 e - a +6 ring of intelligence
 n - the amulet "Surgho Nehi" (around neck) {Reflect Fragile rElec Regen+ rCorr SH+5}
   (You found it on level 2 of the Dungeon)

   [amulet of reflection]

   It reflects blocked missile attacks.
   rElec:     It insulates you from electricity.
   Regen:     It increases your rate of health regeneration.
   rCorr:     It protects you from acid and corrosion.
   Fragile:   It will be destroyed if unequipped.
   SH:        It affects your SH (+5).
 t - a +4 ring of evasion
Wands
 j - a wand of acid (8)
 v - a wand of iceblast (2)
 A - a wand of paralysis (5)
 C - a wand of flame (6)
 D - a wand of polymorph (3)
Scrolls
 i - 4 scrolls of teleportation
 m - 2 scrolls of enchant weapon
 o - 4 scrolls of immolation
 p - a scroll of fog {unknown}
 r - 3 scrolls of amnesia
 w - a scroll of brand weapon
 z - a scroll of enchant armour {unknown}
Potions
 d - a potion of might
 f - 2 potions of mutation
 h - a potion of lignification
 s - 3 potions of curing
 x - 2 potions of ambrosia


   Skills:
 + Level 9.4 Fighting
 + Level 13.8 Long Blades
 + Level 11.8 Armour
 + Level 4.1 Dodging
 + Level 1.6 Stealth
 + Level 10.7 Shields
 + Level 0.6 Invocations
 + Level 0.8 Evocations


You had 10 spell levels left.
You didn't know any spells.
Your spell library contained the following spells:

 Spells                   Type           Power      Damage    Failure   Level
 Pain                     Necr           0%         1d4       100%        1
 Sandblast                Erth           0%         2d4       100%        1
 Slow                     Hex            0%         N/A       100%        1
 Ensorcelled Hibernation  Hex/Ice        0%         N/A       100%        2
 Passwall                 Tmut/Erth      0%         N/A       100%        2
 Confusing Touch          Hex            0%         N/A       100%        3
 Frozen Ramparts          Ice            0%         1d2       100%        3
 Inner Flame              Hex/Fire       0%         N/A       100%        3
 Spider Form              Tmut/Pois      0%         N/A       100%        3
 Stone Arrow              Conj/Erth      0%         3d7       100%        3
 Swiftness                Air            0%         N/A       100%        3
 Vampiric Draining        Necr           0%         2d6       100%        3
 Anguish                  Hex/Necr       0%         N/A       100%        4
 Cause Fear               Hex            0%         N/A       100%        4
 Excruciating Wounds      Necr           0%         N/A       100%        5
 Discord                  Hex            0%         N/A       100%        8
 Death's Door             Necr           0%         N/A       100%        9


Dungeon Overview and Level Annotations

Branches:
Dungeon (11/15)            Temple (1/1) D:4            Lair (0/6) D:10
    Orc (0/2) D:11

Altars:
Ashenzari
Cheibriados
Dithmenos
Elyvilon
Fedhas
Gozag
Hepliaklqana
Kikubaaqudgha
Makhleb
Nemelex Xobeh
Okawaru
Qazlal
Ru
Sif Muna
Trog
Uskayaw
Vehumet
Wu Jian
Xom
Yredelemnul
Zin
The Shining One

Annotations:
D:9 3 runed translucent doors, 101zpm's ghost, novice GnAE
D:11 2 transporters, Josephine; crawlogic's ghost, journeyman HOBe


Innate Abilities, Weirdness & Mutations

You have a pair of horns on your head.
You reflexively headbutt those who attack you in melee.


Message History

Josephine is moderately wounded.
You block the wraith's attack. You block Josephine's attack.
The wraith barely misses you.
You hit Josephine. You burn Josephine. You headbutt Josephine!
Josephine is heavily wounded.
You block the wraith's attack.
Josephine hits you with a +2 dagger of flaming.
Josephine burns you. The wraith hits you but does no damage.
You block Josephine's attack.
You slice Josephine!! You burn Josephine!
Josephine is almost dead.
You block the wraith's attack. x3; Josephine hits you but does no damage.
You block the wraith's attack.
You barely miss Josephine.
Josephine is almost dead.
The wraith hits you but does no damage. x2; You block Josephine's attack.
The wraith hits you. The wraith hits you! x2
Josephine casts a spell at you.
The ghostly flame explodes!
The ghostly fireball engulfs you!!
You feel drained.
* * * LOW HITPOINT WARNING * * *
The ghostly fireball engulfs the wraith.
The wraith completely resists.
The ghostly fireball engulfs Josephine.
Josephine completely resists.
The ghostly fireball engulfs the wraith.
The wraith completely resists.
The ghostly fireball engulfs the wraith.
The wraith completely resists.
You block the wraith's attack.
As you read the scroll of fear, it crumbles to dust.
You assume a fearsome visage.
Josephine resists with almost no effort.
The wraith is unaffected. x4; You block the wraith's attack.
The wraith hits you.
* * * LOW HITPOINT WARNING * * *
Josephine hits you with a +2 dagger of flaming!
* * * LOW HITPOINT WARNING * * *
Josephine burns you.
* * * LOW HITPOINT WARNING * * *
The wraith hits you.
You die...

##... ###. .. ### #. ...
..# ###### .... #.#
#..... ....###.# #.....
........# #.....
......WW################
.....W@@W...............
.....##.........###..###
... #.....#...# #..... .
#.......(.###.....
...............![[[.
####################


You could see Josephine and 4 wraiths.

Vanquished Creatures
  A boulder beetle (D:11)
  Erica (D:11)
  3 two-headed ogres
  The ghost of kalagan the Magician, a novice DECj (D:6)
  A gargoyle (D:11)
  Maurice (D:8)
  Psyche (D:9)
  Maggie (D:7)
  2 trolls
  A hornet (D:8)
  3 wyverns
  A wraith (D:11)
  2 humans
  A shadow (D:11)
  11 yaks
  3 hogs
  2 basilisks (D:10)
  3 vampire mosquitoes (D:11)
  3 steam dragons
  A warg (D:11)
  2 orc warriors (D:11)
  An ice beast (D:7)
  A black bear (D:7)
  A hornet zombie (D:8)
  2 sky beasts
  2 necrophages
  3 ogres
  4 centaurs
  2 phantoms
  4 kobold brigands
  3 bullfrogs
  2 gnoll sergeants
  3 scorpions
  A wyvern skeleton (D:7)
  11 killer bees
  3 wights (D:7)
  2 howler monkeys
  2 centaur zombies
  A bullfrog zombie (D:5)
  A hound (D:7)
  5 jellies
  7 orc priests
  2 iguanas (D:6)
  Natasha (twice) (D:2)
  10 orc wizards
  A howler monkey zombie (D:10)
  14 gnolls
  6 adders
  An ufetubus (D:6)
  An adder skeleton (D:4)
  2 dart slugs
  55 orcs
  6 bats
  6 endoplasms
  4 giant cockroaches
  5 goblins
  4 hobgoblins
  22 kobolds
  6 quokkas
  9 ball pythons
  4 frilled lizards
  9 rats
275 creatures vanquished.

Vanquished Creatures (others)
  A kobold (D:9)
  3 plants (D:5)
4 creatures vanquished.

Grand Total: 279 creatures vanquished

Notes
Turn   | Place    | Note
-------+----------+-------------------------------------------
     0 | D:1      | Peloso the Minotaur Fighter began the quest for the Orb.
     0 | D:1      | Reached XP level 1. HP: 19/19 MP: 0/0
    62 | D:1      | Reached XP level 2. HP: 11/27 MP: 1/1
   380 | D:1      | You fall into a shaft and drop 1 floor!
   470 | D:2      | Reached XP level 3. HP: 33/33 MP: 2/2
   546 | D:2      | Reached skill level 3 in Long Blades
   550 | D:2      | Noticed Natasha
   557 | D:2      | Killed Natasha
   562 | D:2      | Reached XP level 4. HP: 30/41 MP: 3/3
   941 | D:2      | Noticed Natasha
   950 | D:2      | Killed Natasha
  1023 | D:2      | Identified the amulet "Surgho Nehi" {Reflect Fragile rElec
                  | Regen+ rCorr SH+5}
  1335 | D:2      | Found a faded altar of an unknown god.
  1414 | D:3      | Noticed a scorpion
  1434 | D:3      | Killed a scorpion
  1435 | D:3      | Reached skill level 4 in Long Blades
  1435 | D:3      | Reached XP level 5. HP: 41/47 MP: 4/4
  1644 | D:3      | Reached skill level 1 in Dodging
  1973 | D:4      | Noticed an ogre
  2065 | D:4      | Reached skill level 5 in Long Blades
  2065 | D:4      | Reached skill level 5 in Armour
  2074 | D:4      | Reached XP level 6. HP: 53/53 MP: 5/5
  2090 | D:5      | Entered Level 5 of the Dungeon
  2357 | D:5      | Reached skill level 5 in Fighting
  2381 | D:5      | Reached skill level 6 in Long Blades
  2412 | D:5      | Reached XP level 7. HP: 61/61 MP: 6/6
  2450 | D:5      | Reached skill level 5 in Shields
  2644 | D:5      | Reached skill level 7 in Long Blades
  2857 | D:5      | Reached XP level 8. HP: 70/70 MP: 7/7
  3191 | D:6      | Reached skill level 8 in Long Blades
  3274 | D:6      | Found a runed translucent gate.
  3274 | D:6      | Found a runed translucent gate.
  3274 | D:6      | Found a runed translucent gate.
  3299 | D:6      | Noticed kalagan's ghost (novice DECj)
  3850 | D:4      | Found a staircase to the Ecumenical Temple.
  3859 | Temple   | Entered the Ecumenical Temple
  4135 | Temple   | Became a worshipper of Warmaster Okawaru
  4488 | D:4      | Reached skill level 9 in Long Blades
  4754 | D:7      | Noticed Maggie
  4774 | D:6      | Reached XP level 9. HP: 67/78 MP: 8/8
  4789 | D:6      | Reached * piety under Okawaru
  4840 | D:7      | Killed Maggie
  4841 | D:7      | Reached skill level 10 in Long Blades
  5157 | D:7      | Reached ** piety under Okawaru
  5328 | D:7      | Reached skill level 11 in Long Blades
  5854 | D:8      | Reached XP level 10. HP: 86/86 MP: 9/9
  5909 | D:8      | Paralysed by a hornet for 1 turns
  5957 | D:8      | Noticed Maurice
  5966 | D:8      | Killed Maurice
  5982 | D:8      | Reached *** piety under Okawaru
  6132 | D:8      | Reached skill level 1 in Stealth
  6441 | D:8      | Got the Handbook of Dark Secrets and Ice
  6523 | D:9      | Identified the +6 long sword of the Six Friends {flame,
                  | Str+2 Int+3}
  6532 | D:9      | Identified the +0 pair of gloves "Rariamm" {rC++ rCorr
                  | Dex-3}
  6542 | D:9      | Noticed a two-headed ogre
  6550 | D:9      | Killed a two-headed ogre
  6551 | D:9      | Reached skill level 12 in Long Blades
  6666 | D:9      | Reached **** piety under Okawaru
  6676 | D:9      | Noticed Psyche
  6693 | D:9      | Killed Psyche
  6786 | D:9      | Noticed a two-headed ogre
  6793 | D:9      | Killed a two-headed ogre
  6794 | D:9      | Reached skill level 10 in Armour
  6817 | D:9      | Found a runed translucent gate.
  6817 | D:9      | Found a runed translucent gate.
  6817 | D:9      | Found a runed translucent gate.
  6817 | D:9      | Noticed a spectral centaur warrior
  6820 | D:9      | Noticed 101zpm's ghost (novice GnAE)
  7095 | D:9      | Reached ***** piety under Okawaru
  7763 | D:6      | Killed kalagan's ghost
  7934 | D:10     | Entered Level 10 of the Dungeon
  8036 | D:10     | Reached XP level 11. HP: 75/95 MP: 10/10
  8263 | D:10     | Found an ornate altar of the Wu Jian Council.
  8443 | D:10     | Received a gift from Okawaru
  8758 | D:10     | Found a staircase to the Lair.
  8884 | D:11     | Reached skill level 13 in Long Blades
  8892 | D:11     | Found a transporter.
  8893 | D:11     | Noticed crawlogic's ghost (journeyman HOBe)
  8919 | D:11     | Found a transporter.
  8956 | D:11     | Found a staircase to the Orcish Mines.
  9078 | D:11     | Reached skill level 10 in Shields
  9082 | D:11     | Noticed Erica
  9291 | D:11     | Killed Erica
  9291 | D:11     | Received a gift from Okawaru
  9322 | D:11     | Noticed a boulder beetle
  9351 | D:11     | Killed a boulder beetle
  9494 | D:11     | Noticed a two-headed ogre
  9503 | D:11     | Killed a two-headed ogre
  9603 | D:11     | Noticed Josephine
  9612 | D:11     | HP: 4/89 [Josephine/+2 dagger of flaming (8)]
  9612 | D:11     | Slain by a wraith

Illustrated notes

Levels and vault maps discovered:
D:1:      dpeg_arrival_shrine, layout_rooms, hangedman_decor_clover_reticule
D:2:      layout_basic, shapermc_ecumenical_altar_hornbeckon, st_stairs_10,
          serial_bayou_pond_b, uniq_natasha
D:3:      layout_basic
D:4:      layout_rooms, minmay_temple_entry_mist, nrook_mini_vaults,
          minivault_4, corexii_leaking_fountain
D:5:      layout_basic, st_stairs_9, serial_bayou_lake_a
D:6:      layout_basic, ebering_ghost_rock_garden,
          amcnicky_mini_corridor_feature
D:7:      layout_layer_cave, grunt_livestock, uniq_maggie
D:8:      layout_rooms, uniq_maurice
D:9:      layout_roguey, gammafunk_ghost_necromancy, uniq_psyche
D:10:     layout_loops_ring, pdpol_wu_jian_five_deadly_venoms, erik_lair_dragon,
          feat_on_display
D:11:     layout_stronghold, erik_orc_4, gammafunk_ghost_stat_death,
          uniq_josephine, uniq_erica
Temple:   roderic_octagonal_lattice_temple

Skill      XL: |  1  2  3  4  5  6  7  8  9 10 11 |
---------------+----------------------------------+-----
Armour         | 4 5 6 7 8 10 11 | 11.8
Fighting       | 4 5 6 7 8 9 |  9.4
Shields        | 4 5 6 8 9 10 | 10.7
Long Blades    | 3 4 5 6 7 9 11 12 13 | 13.8
Dodging        | 1 2 3 4 |  4.1
Stealth        | 1 |  1.6
Invocations    | |  0.6
Evocations     | |  0.8

Action                   |  1- 3 |  4- 6 |  7- 9 | 10-12 || total
-------------------------+-------+-------+-------+-------++-------
Melee: Long sword        |    51 |   142 |   334 |   346 ||   873
       Headbutt          |     3 |    19 |    57 |    62 ||   141
Invok: Heroism           |       |       |     2 |     5 ||     7
Evoke: Wand              |       |       |       |     8 ||     8
  Use: Scroll            |       |     6 |     4 |     6 ||    16
       Potion            |       |       |     4 |     1 ||     5
Armor: Scale mail        |    37 |    20 |       |       ||    57
       Chain mail        |       |    47 |   197 |    56 ||   300
       Plate armour      |       |       |       |    53 ||    53
Dodge: Dodged            |    34 |    47 |   116 |    84 ||   281
Block: Buckler           |    10 |    57 |   188 |    76 ||   331
       Reflection        |       |     1 |     5 |     7 ||    13
       Tower shield      |       |       |       |   160 ||   160
